 Dungeon Crawl Stone Soup version 0.28-a0-862-g58c29a6370 (webtiles) character file.

Game seed: 13928927555421725964

25 Ijustatesigmund the Skirmisher (level 3, -4/24 HPs)
             Began as a Gargoyle Fighter on Nov 16, 2021.
             Slain by Sigmund (12 damage)
             ... on level 2 of the Dungeon.
             The game lasted 00:01:04 (1267 turns).

Ijustatesigmund the Skirmisher (Gargoyle Fighter)   Turns: 1267, Time: 00:01:04

Health: -4/24      AC: 10    Str: 19    XL:     3   Next: 6%
Magic:  3/3        EV:  9    Int:  8    God:
Gold:   40         SH:  4    Dex: 10    Spells: 2/2 levels left

rFire   . . .      SeeInvis .   a - +0 flail
rCold   . . .      Faith    .   c - +0 buckler
rNeg    + . .      Spirit   .   b - +0 scale mail
rPois   ∞          Reflect  .   (no helmet)
rElec   +          Harm     .   (no cloak)
rCorr   .          Rampage  .   (no gloves)
Will    .....                   (no boots)
Stlth   ..........              (no amulet)
HPRegen 0.08/turn               (no ring)
MPRegen 0.08/turn               (no ring)

@: mighty, hasted, very quick
A: sickness immunity, AC +3, negative energy resistance 1, electricity
resistance, torment resistance 1, petrification resistance
a: no special abilities


You were on level 2 of the Dungeon.
You visited 1 branch of the dungeon, and saw 2 of its levels.

You collected 40 gold pieces.

Inventory:

Hand Weapons
 a - a +0 flail (weapon)
Armour
 b - a +0 scale mail (worn)
 c - a +0 buckler (worn)
Scrolls
 f - 3 scrolls of identify {unknown}
 g - a scroll of vulnerability {unknown}
 h - 2 scrolls of teleportation {unknown}
 i - a scroll of immolation {unknown}
Potions
 j - a potion of invisibility {unknown}


   Skills:
 + Level 4.0 Fighting
 + Level 2.8 Maces & Flails
 - Level 3.2 Armour
 - Level 3.2 Shields


You had 2 spell levels left.
You didn't know any spells.
Your spell library was empty.

Dungeon Overview and Level Annotations

Branches:
Dungeon (2/15)

Altars:

Annotations:
D:2 Sigmund


Innate Abilities, Weirdness & Mutations

You are immune to sickness and miasma.
Your stone body is resilient. (AC +3)
You are immune to poison.
You resist negative energy. (rN+)
You are resistant to electric shocks. (rElec)
You are resistant to unholy torment.
You are immune to petrification.


Message History

Deactivating autopickup; reactivate with Ctrl-A.
You are confused.
You bump into the rock wall.
A puff of flame appears from out of thin air!
The puff of flame misses you.
You bump into the rock wall.
A magic dart appears from out of thin air!
The magic dart hits you.
You bump into the rock wall.
You bump into the rock wall.
You feel less confused.
You are confused.
You bump into the rock wall.
It was a potion of haste.
You feel yourself speed up.
You feel very mighty all of a sudden.
You bump into the rock wall.
You hear some strange, mumbled words.
A puff of flame appears from out of thin air!
The puff of flame hits you but does no damage.
You bump into the rock wall.
You feel less confused. Something hits you.
You closely miss something.
Sigmund appears from thin air!
Reactivating autopickup.
Your shield prevents you from hitting Sigmund.
Sigmund hits you with a +3 scythe of venom.
You closely miss Sigmund.
Sigmund hits you with a +3 scythe of venom.
You sock Sigmund!
Sigmund is heavily wounded.
You barely miss Sigmund.
Sigmund is heavily wounded.
Sigmund hits you with a +3 scythe of venom.
You closely miss Sigmund.
Sigmund is heavily wounded.
You sock Sigmund!
Sigmund is almost dead.
Sigmund hits you with a +3 scythe of venom!
Ouch! That really hurt!
You die...

# #..# ##.###..#
.........#####
####.........#
#.###.###.# #.#
#.# #.# #.# #.#
#.# #.# #@# #.# #
#.# #@# #.#
#.####.# #.# #.#
#.#.....†###.###.#
.................#
###
#.#.###..###.#####
......#..........#
...##.#.###..#####
#..##.#.# #..#
#..##.#.# #..#


You could see Sigmund.

Vanquished Creatures
  A dart slug (D:1)
  3 ball pythons (D:1)
  2 endoplasms (D:1)
  A giant cockroach (D:1)
  5 goblins (D:1)
  A hobgoblin (D:1)
  3 quokkas (D:1)
  2 frilled lizards
  A kobold (D:1)
19 creatures vanquished.

Notes
Turn   | Place    | Note
-------+----------+-------------------------------------------
     0 | D:1      | Ijustatesigmund the Gargoyle Fighter began the quest for
                  | the Orb.
     0 | D:1      | Reached XP level 1. HP: 14/14 MP: 1/1
   152 | D:1      | Reached XP level 2. HP: 5/19 MP: 2/2
   942 | D:1      | Reached XP level 3. HP: 24/24 MP: 3/3
  1077 | D:1      | Reached skill level 4 in Fighting
  1237 | D:2      | Noticed Sigmund
  1267 | D:2      | Slain by Sigmund

Illustrated notes

Levels and vault maps discovered:
D:1:      dpeg_arrival_chambers_temple_mockup, layout_rooms, nrook_mini_vaults
D:2:      layout_basic, dilly_ecumenical_altar_fadedgnrine, uniq_sigmund,
          uniq_natasha

Skill      XL: |  1  2  3 |
---------------+----------+-----
Fighting       | 4 |  4.0
Maces & Flails | |  2.8
Armour         | |  3.2
Shields        | |  3.2

Action                   || total
-------------------------++-------
Melee: Flail             ||    64
  Use: Potion            ||     2
Armor: Scale mail        ||    28
Dodge: Dodged            ||    21
Block: Buckler           ||     9

Table legend: (Time is in decaauts)
 A = Elapsed time spent in this place.
 B = Non-inter-level travel time spent in this place.
 C = Inter-level travel time spent in this place.
 D = Time resting spent in this place.
 E = Time spent auto-exploring this place.
 F = Levels seen in this place.
 G = Mean time per level.
                   A        B        C        D        E       F      G
               +--------+--------+--------+--------+--------+-----+--------+
         Total |   1281 |   1263 |     18 |    220 |    880 |   2 |  640.5 |
       Dungeon |   1281 |   1263 |     18 |    220 |    880 |   2 |  640.5 |
               +--------+--------+--------+--------+--------+-----+--------+

Top non-repeatable levels by time:
     D:1: 1193 daAuts
     D:2: 87 daAuts
